 Dungeon Crawl Stone Soup version bcrawl-1.40.1 (webtiles) character file.

Game seed: 9349774247954710920

244586 Mehrunes the Fighter (level 10, -2/88 HPs)
             Began as a Demigod Archaeologist on Oct 31, 2023.
             Slain by a freezing wraith (5 damage)
             ... on level 9 of the Dungeon.
             The game lasted 00:21:59 (10157 turns).

Mehrunes the Fighter (Demigod Archaeologist)       Turns: 10157, Time: 00:22:00

Health: -2/88      AC: 22    Str: 21    XL:     10   Next: 19%
Magic:  13/13      EV: 10    Int: 18    God:    Demigod [***...]
Gold:   642        SH:  0    Dex: 15    Spells: 9/9 levels left

rFire    . . .     GDR:     30% b - +0 hunting sling
rCold    . . .     SeeInvis .   (no shield)
rNeg     . . .     Gourm    .   R - +4 plate armour
rPois    .         Faith    .   L - +0 helmet (curse)
rElec    .         Spirit   .   (no cloak)
rCorr    .         Reflect  .   h - +2 pair of gloves {archery}
MR       +....                  l - +1 pair of boots
Stlth    ..........             (no amulet)
HPRegen  0.24/turn              x - ring of stealth
MPRegen  0.13/turn              (no ring)

@: lethally poisoned (-2 -> -11), slowed, studying Maces & Flails, very slow
A: high mp 1
a: Temporal Distortion, Growth, Major Destruction


You were on level 9 of the Dungeon.
You worshipped Demigod.
Demigod was most pleased with you.
You were not hungry.

You visited 1 branch of the dungeon, and saw 9 of its levels.

You collected 642 gold pieces.

Inventory:

Hand Weapons
 a - a +3 dagger of venom
 b - a +0 hunting sling (weapon)
 J - a +0 blowgun
Missiles
 f - 11 curare-tipped needles
 n - 1316 stones (quivered)
 v - 331 sling bullets
 D - a throwing net {=f}
 O - 79 poisoned needles
Armour
 d - a +1 hat
 h - a +2 pair of gloves of archery (worn)
 l - a +1 pair of boots (worn)
 G - a +1 ring mail of cold resistance
 L - a cursed +0 helmet (worn)
 R - a +4 plate armour (worn)
Jewellery
 c - a +5 ring of intelligence
 x - a ring of stealth (left hand)
 H - a cursed ring of attention {unknown}
 N - an uncursed amulet of faith {unknown}
 Q - a +4 ring of intelligence
Wands
 K - a wand of acid (4)
Scrolls
 g - a scroll of revelation
 i - a scroll of identify
 k - 2 scrolls of immolation {unknown}
 m - a scroll of teleportation
 o - 8 scrolls of remove curse
 r - 2 scrolls of blinking {unknown}
 s - 4 scrolls of enchant weapon
 t - a scroll of fog {unknown}
 u - 3 scrolls of amnesia
 w - 2 scrolls of fear {unknown}
 y - 2 scrolls of enchant armour {unknown}
 A - 2 scrolls of brand weapon {unknown}
 E - 2 scrolls of noise {unknown}
Potions
 j - 2 potions of might {unknown}
 p - 2 potions of mutation {unknown}
 q - 8 potions of curing
 z - 2 potions of heal wounds {unknown}
 B - 2 potions of agility
 C - 2 potions of magic {unknown}
 F - a potion of degeneration {unknown}
 I - a potion of flight {unknown}
 M - a potion of berserk rage {unknown}
 P - a potion of invisibility {unknown}
Comestibles
 e - 16 rations {!d}


   Skills:
 + Level 8.1 Fighting
 - Level 5.0 Short Blades
   Level 1.4 Maces & Flails
 + Level 4.6 Slings
 + Level 3.7 Armour
 - Level 8.0 Dodging
 - Level 3.0 Stealth


You had 9 spell levels left.
You didn't know any spells.
Your spell library contained the following spells:

 Spells                   Type           Power        Failure   Level  Hunger
 Apportation              Tloc           #.....       99%         1    None
 Corona                   Hex            #......      99%         1    None
 Infusion                 Chrm           #.......     99%         1    None
 Sandblast                Erth           #.....       99%         1    None
 Slow                     Hex            #.......     99%         1    None
 Summon Butterflies       Summ           #.......     99%         1    None


Dungeon Overview and Level Annotations

Branches:
Dungeon (9/12)             Temple (0/1) D:5            Lair (0/6) D:8
    Orc: D:8-11

Shops:
D:4 *   D:6 *

Annotations:
D:5 2 transporters
D:9 Erolcha


Innate Abilities, Weirdness & Mutations

You have an increased reservoir of magic. (+10% MP)


Message History

Firing (i - inventory. (/) - cycle)
n - 1318 stones (quivered)
Press: ? - help, Shift-Dir - straight line, f/p - freezing wraith
Aim: a freezing wraith (moderately damaged)
You shoot a stone. The stone hits the freezing wraith.
The freezing wraith is moderately damaged.
* * * LOW HITPOINT WARNING * * *
You feel sick.
The freezing wraith hits you but does no damage.
The freezing wraith closely misses you.
Firing (i - inventory. (/) - cycle)
n - 1317 stones (quivered)
Press: ? - help, Shift-Dir - straight line, f/p - freezing wraith
Aim: a freezing wraith (moderately damaged)
You shoot a stone. The stone hits the freezing wraith.
The freezing wraith is moderately damaged.
* * * LOW HITPOINT WARNING * * *
You feel sick.
The freezing wraith hits you but does no damage.
The freezing wraith hits you.
You die...
Your divinity fades.

.# .# .# .# . .#
....##########.#
#..)..W@.......#
#.#.#########..#
#.)........#
#.########.# #.#
.# #.# ## #.#
#.#.#.# ##.#.#.#


You could see a freezing wraith.

Vanquished Creatures
  A troll (D:8)
  A hornet (D:9)
  A hippogriff (D:2)
  A yak (D:7)
  A hungry ghost (D:8)
  A water moccasin (D:8)
  A crocodile (D:6)
  Duvessa (D:7)
  An orc warrior (D:8)
  2 phantoms
  4 sky beasts
  A cane toad skeleton (D:8)
  3 ogres
  2 bullfrogs
  3 kobold brigands
  2 centaurs
  A scorpion (D:6)
  A wyvern skeleton (D:7)
  A water moccasin skeleton (D:6)
  15 killer bees
  3 wights (D:8)
  4 electric eels (D:7)
  4 orc priests
  4 crimson imps
  3 hounds
  A jelly (D:8)
  5 orc wizards
  2 iguanas
  7 worker ants
  A hound skeleton (D:6)
  A worker ant zombie (D:8)
  A gnoll (D:2)
  A howler monkey skeleton (D:6)
  3 adders
  2 shadow imps
  An ooze (D:6)
  2 adder zombies
  2 adder skeletons
  2 worms (D:2)
  A dart slug (D:1)
  3 leopard geckos
  16 orcs
  6 bats
  3 giant cockroaches (D:3)
  3 goblins (D:1)
  7 hobgoblins
  4 jackals
  4 quokkas
  2 frilled lizards
  19 kobolds
  A quokka skeleton (D:4)
  9 rats
171 creatures vanquished.

Notes
Turn   | Place    | Note
-------+----------+-------------------------------------------
     0 | D:1      | Mehrunes the Demigod Archaeologist began the quest for the
                  | Orb.
     0 | D:1      | Reached XP level 1. HP: 15/15 MP: 3/3
    41 | D:1      | Reached skill level 1 in Fighting
    41 | D:1      | Reached skill level 1 in Maces & Flails
   134 | D:1      | Reached XP level 2. HP: 23/23 MP: 4/4
   916 | D:2      | Reached XP level 3. HP: 29/29 MP: 5/5
  1197 | D:2      | Reached * piety under Demigod
  1598 | D:2      | Reached XP level 4. HP: 28/37 MP: 6/6
  1729 | D:3      | Noticed an ogre
  1800 | D:3      | Found a sacrificial altar of Ru.
  2130 | D:3      | Noticed a hippogriff
  2139 | D:3      | Reached XP level 5. HP: 42/45 MP: 7/7
  2139 | D:3      | Identified a scroll of acquirement
  2168 | D:2      | Identified the ring of Vafycy {*Slow rF+ Str+2 Dex+8} (You
                  | acquired it on level 2 of the Dungeon)
  2226 | D:2      | Killed a hippogriff
  2227 | D:2      | Reached XP level 6. HP: 26/52 MP: 8/8
  2358 | D:2      | Reached skill level 1 in Short Blades
  2358 | D:2      | Reached skill level 5 in Dodging
  2362 | D:2      | Reached ** piety under Demigod
  2500 | D:3      | Found a sparkling altar of Nemelex Xobeh.
  2639 | D:3      | Found a bloodstained altar of Trog.
  2936 | D:4      | Reached XP level 7. HP: 59/60 MP: 9/9
  2996 | D:4      | Found Kesk's Assorted Antiques.
  3273 | D:4      | Found a blossoming altar of Fedhas.
  3539 | D:5      | Entered Level 5 of the Dungeon
  3683 | D:5      | Reached skill level 5 in Fighting
  4000 | D:5      | Found a staircase to the Ecumenical Temple.
  4019 | D:5      | Found a transporter.
  4274 | D:5      | Reached XP level 8. HP: 55/68 MP: 10/10
  4424 | D:5      | Found a transporter.
  4985 | D:6      | Found Kykocee's Assorted Antiques.
  5614 | D:7      | Found an opulent altar of Gozag.
  5696 | D:7      | Noticed Duvessa
  5717 | D:7      | Killed Duvessa
  5718 | D:7      | Reached XP level 9. HP: 68/78 MP: 11/11
  5768 | D:7      | Reached skill level 5 in Short Blades
  5768 | D:7      | Reached skill level 1 in Slings
  6691 | D:7      | Found an ancient bone altar of Kikubaaqudgha.
  7502 | D:8      | Reached skill level 1 in Armour
  7504 | D:8      | Reached *** piety under Demigod
  8283 | D:8      | Noticed a death yak
  8284 | D:8      | Noticed a death yak
  8284 | D:8      | Noticed a death yak
  8322 | D:8      | Found a staircase to the Lair.
  8322 | D:8      | Noticed a queen bee
  8322 | D:8      | Noticed a troll
  8499 | D:8      | Killed a troll
  8500 | D:8      | Reached XP level 10. HP: 54/88 MP: 13/13
  8751 | D:7      | Found an ancient bone altar of Kikubaaqudgha.
  8899 | D:7      | Found an opulent altar of Gozag.
  9325 | D:9      | Noticed Erolcha
 10157 | D:9      | HP: 3/88 [poisoned by a hornet]
 10157 | D:9      | Slain by a freezing wraith

Skill      XL: |  1  2  3  4  5  6  7  8  9 10 |
---------------+-------------------------------+-----
Fighting       | 1 2 3 4 5 6 7 8 |  8.1
Maces & Flails | 1 |  1.4
Dodging        | 3 4 5 6 7 8 |  8.0
Short Blades   | 1 3 4 5 |  5.0
Slings         | 4 |  4.6
Armour         | 3 |  3.7
Stealth        | |  3.0

Action                   |  1- 3 |  4- 6 |  7- 9 | 10-12 || total
-------------------------+-------+-------+-------+-------++-------
Melee: Whip              |    67 |       |       |       ||    67
       Dagger            |    57 |    68 |   313 |       ||   438
 Fire: Hunting sling     |       |       |   278 |    69 ||   347
Evoke: Wand              |       |       |     2 |       ||     2
  Use: Scroll            |       |     1 |     9 |     1 ||    11
       Potion            |       |       |     1 |       ||     1
 Stab: Sleeping          |     8 |     5 |     9 |       ||    22
       Distracted        |     1 |     1 |       |       ||     2
  Eat: Chunk             |     5 |     6 |    23 |       ||    34
       Ration            |       |       |     3 |     3 ||     6
Armor: Robe              |    44 |    21 |    46 |       ||   111
       Ring mail         |       |       |    67 |       ||    67
       Plate armour      |       |       |    89 |    52 ||   141
Dodge: Dodged            |    90 |    59 |   281 |    49 ||   479
